 Dungeon Crawl Stone Soup version 0.32-a0-841-g4648e6c457 (webtiles) character file.

Game seed: 2789072165947299225

476 shadizar the Magician (level 7, -2/50 HPs)
             Began as a Djinni Conjurer on Mar 26, 2024.
             Was an Initiate of Makhleb.
             Slain by a water moccasin (3 damage)
             ... on level 5 of the Dungeon.
             The game lasted 00:03:23 (3209 turns).

shadizar the Magician (Djinni Conjurer)             Turns: 3209, Time: 00:03:24

Health: -2/50      AC:  2    Str:  6    XL:     7   Next: 33%
Gold:   208        EV: 10    Int: 22    God:    Makhleb [......] SH:  4 Dex: 11

rFire   + + .        n - staff of air
rCold   x . .        h - +0 buckler
rNeg    . . .        a - +0 robe
rPois   ∞            (no helmet)
rElec   +            (no cloak)
rCorr   .            (no gloves)
SInv    .            (boots unavailable)
Will    .....        (no amulet)
Stlth   ++           (no ring)
HPRegen 0.28/turn    (no ring)
MPRegen 0.00/turn

%: infuse magic (-3 HP)
@: flying
A: sickness immunity, fire resistance 2, cold vulnerability 1, float, innate
caster, HP casting, extra vitality 1
a: Renounce Religion


You were on level 5 of the Dungeon.
You worshipped Makhleb.
Makhleb was noncommittal.
You visited 2 branches of the dungeon, and saw 6 of its levels.

You collected 208 gold pieces.

Inventory:

Armour
 a - a +0 robe (worn)
 h - a +0 buckler (worn)
Magical Staves
 n - a staff of air (weapon)
Scrolls
 b - 8 scrolls of identify {unknown}
 c - 2 scrolls of teleportation {unknown}
 d - a scroll of acquirement {unknown}
 f - a scroll of revelation {unknown}
 g - 3 scrolls of immolation {unknown}
 k - a scroll of torment {unknown}
 m - 2 scrolls of poison {unknown}
 p - a scroll of silence {unknown}
Potions
 e - 2 potions of mutation {unknown}
 i - a potion of brilliance {unknown}
 j - a potion of haste {unknown}
 l - a potion of curing {unknown}
 o - a potion of enlightenment {unknown}


   Skills:
 + Level 3.3 Fighting
 - Level 2.1 Dodging
 - Level 1.5 Stealth
 + Level 2.8 Shields
 * Level 5.5 Spellcasting
 * Level 5.5 Conjurations
 * Level 5.5 Hexes
   Level 0.0 Charms
 * Level 5.5 Summonings
 * Level 5.5 Necromancy
 * Level 5.5 Translocations
   Level 0.0 Transmutations
 * Level 5.5 Fire Magic
 * Level 5.5 Ice Magic
 * Level 5.5 Air Magic
 * Level 5.5 Earth Magic
 * Level 5.5 Alchemy


You knew the following spells:

 Your Spells              Type           Power      Damage    Failure   Level
a - Magic Dart            Conj           100%       1d8       1%          1
b - Searing Ray           Conj           60%        2d6       2%          2
c - Fulminant Prism       Conj/Alch      15%        3d10      17%         4
d - Iskenderun's Mystic   Conj/Tloc      30%        2d8       17%         4
e - Shock                 Conj/Air       100%       1d9       1%          1
f - Scorch                Fire           60%        2d7       2%          2
g - Ozocubu's Armour      Ice            30%        N/A       4%          3
Your spell library was empty.

Dungeon Overview and Level Annotations

Branches:
Dungeon (5/15)             Temple (1/1) D:4

Altars:
Ashenzari
Cheibriados
Elyvilon
Fedhas
Gozag
Hepliaklqana
Makhleb
Nemelex Xobeh
Qazlal
Trog
Yredelemnul
Zin

Shops:
D:4 *


Innate Abilities, Weirdness & Mutations

You are immune to sickness and miasma.
You are immune to poison.
Your flesh is very heat resistant. (rF++)
You are vulnerable to cold. (rC-)
You float through the air rather than walking.
You learn spells naturally, not from books.
Your magical power is your life essence.
You have superior vitality. (+4 MHP)


Message History

Casting: Magic Dart (safe; 1% risk of failure)
Confirm with . or Enter, or press ? or * to list all spells.
Aiming: Searing Ray (safe; 2% risk of failure)
Press: ? - help, Shift-Dir - straight line, f/p - adder
Aim: an adder (almost dead, 66% to hit)
The searing ray misses the water moccasin.
The searing ray hits the adder!
You kill the adder!
Makhleb accepts your kill. (Press . to maintain the ray.)
* * * LOW HITPOINT WARNING * * *
The water moccasin bites you.
* * * LOW HITPOINT WARNING * * *
Unknown command.
Unknown command.
Unknown command.
Unknown command.
Unknown command.
Unknown command.
Unknown command.
Unknown command.
Unknown command.
Unknown command.
The searing ray misses the water moccasin.
* * * LOW HITPOINT WARNING * * *
The water moccasin completely misses you.
The water moccasin barely misses you.
Unknown command.
Unknown command.
Unknown command.
Casting: Searing Ray (safe; 2% risk of failure)
Confirm with . or Enter, or press ? or * to list all spells.
Aiming: Magic Dart (safe; 1% risk of failure)
Press: ? - help, Shift-Dir - straight line, f - water moccasin
Aim: a water moccasin (100% to hit)
The magic dart hits the water moccasin.
The water moccasin is lightly wounded.
* * * LOW HITPOINT WARNING * * *
The water moccasin bites you.
You die...

#..## #.)...#### #...#
#.....# #...# #.....#
## #..## .#.....#
###.####..##..#......
..............#.......
.......†......#........
##..##.S####.## ##
#.@## .# #...# . #...#
# #...# #.<.# #...#
#..## ####


You could see a water moccasin.

Vanquished Creatures
  An ogre (D:4)
  A scorpion (D:4)
  A bombardier beetle (D:4)
  A howler monkey (D:4)
  An orc priest (D:5)
  Jessica (D:3)
  An iguana (D:4)
  5 adders
  5 gnolls
  A ribbon worm (D:3)
  2 dart slugs
  8 orcs (D:5)
  2 bats
  6 endoplasms
  7 goblins
  7 hobgoblins
  6 jackals
  7 kobolds
  3 quokkas
  8 ball pythons
  A frilled lizard (D:3)
  3 rats
78 creatures vanquished.

Notes
Turn   | Place    | Note
-------+----------+-------------------------------------------
     0 | D:1      | shadizar the Djinni Conjurer began the quest for the Orb.
     0 | D:1      | shadizar set off with the following spells memorised: Magic
                  | Dart, Searing Ray, Fulminant Prism, Iskenderun's Mystic
                  | Blast.
     0 | D:1      | Reached XP level 1. HP: 15/15 MP: 0/0
     6 | D:1      | Found a faded altar of an unknown god.
   164 | D:1      | Reached XP level 2. HP: 19/21 MP: 0/0
   305 | D:1      | Reached XP level 3. HP: 6/26 MP: 0/0
   305 | D:1      | Learned a level 1 spell: Shock
   543 | D:1      | Reached skill level 1 in Fighting
  1257 | D:2      | Reached XP level 4. HP: 30/32 MP: 0/0
  1775 | D:3      | Noticed Jessica
  1785 | D:3      | Killed Jessica
  1786 | D:3      | Reached XP level 5. HP: 28/38 MP: 0/0
  1786 | D:3      | Learned a level 2 spell: Scorch
  1996 | D:3      | Reached skill level 1 in Shields
  2228 | D:4      | Noticed an ogre
  2246 | D:4      | Killed an ogre
  2247 | D:4      | Reached skill level 5 in Spellcasting
  2247 | D:4      | Reached skill level 5 in Conjurations
  2247 | D:4      | Reached skill level 5 in Hexes
  2247 | D:4      | Reached skill level 5 in Summonings
  2247 | D:4      | Reached skill level 5 in Necromancy
  2247 | D:4      | Reached skill level 5 in Translocations
  2247 | D:4      | Reached skill level 5 in Fire Magic
  2247 | D:4      | Reached skill level 5 in Ice Magic
  2247 | D:4      | Reached skill level 5 in Air Magic
  2247 | D:4      | Reached skill level 5 in Earth Magic
  2247 | D:4      | Reached skill level 5 in Alchemy
  2247 | D:4      | Reached XP level 6. HP: 39/45 MP: 0/0
  2401 | D:4      | Found a staircase to the Ecumenical Temple.
  2495 | D:4      | Found Xaol's General Store.
  2640 | D:4      | Reached XP level 7. HP: 45/50 MP: 0/0
  2640 | D:4      | Learned a level 3 spell: Ozocubu's Armour
  2904 | Temple   | Entered the Ecumenical Temple
  2920 | Temple   | Became a worshipper of Makhleb the Destroyer
  2983 | D:5      | Entered Level 5 of the Dungeon
  3071 | D:5      | Noticed a water moccasin
  3209 | D:5      | Slain by a water moccasin

Illustrated notes

Levels and vault maps discovered:
D:1:      lightli_arrival_maybe_door_vault, layout_loops_ring,
          basic_ecumenical_altar, minmay_fountain_box
D:2:      layout_basic
D:3:      layout_rooms, minmay_misc_feat_pillars, hangedman_decor_lopped,
          uniq_jessica
D:4:      layout_rooms, minmay_temple_entry_nine_rooms, serial_shops, shop,
          ebering_dispersal_statue_hall
D:5:      layout_gridville
Temple:   nicolae_temple_god_jail

Skill      XL: |  1  2  3  4  5  6 |
---------------+-------------------+-----
Spellcasting   | 4 5 |  5.5
Conjurations   | 4 5 |  5.5
Hexes          | 4 5 |  5.5
Summonings     | 4 5 |  5.5
Necromancy     | 4 5 |  5.5
Translocations | 4 5 |  5.5
Fire Magic     | 4 5 |  5.5
Ice Magic      | 4 5 |  5.5
Air Magic      | 4 5 |  5.5
Earth Magic    | 4 5 |  5.5
Alchemy        | 4 5 |  5.5
Fighting       | 1 2 3 |  3.3
Shields        | 1 2 |  2.8
Dodging        | |  2.1
Stealth        | |  1.5

Action                     |  1- 3 |  4- 6 |  7- 9 || total
---------------------------+-------+-------+-------++-------
   Cast: Magic Dart        |    66 |    87 |    24 ||   177
         Searing Ray       |     1 |     4 |     3 ||     8
 Armour: Robe              |     7 |     5 |    10 ||    22
  Dodge: Dodged            |     4 |     8 |    13 ||    25
  Block: Buckler           |       |     3 |     3 ||     6

Table legend: (Time is in decaauts)
 A = Elapsed time spent in this place.
 B = Non-inter-level travel time spent in this place.
 C = Inter-level travel time spent in this place.
 D = Time resting spent in this place.
 E = Time spent auto-exploring this place.
 F = Levels seen in this place.
 G = Mean time per level.
                   A        B        C        D        E       F      G
               +--------+--------+--------+--------+--------+-----+--------+
         Total |   3207 |   2957 |    250 |      0 |   2530 |   6 |  534.5 |
       Dungeon |   3177 |   2957 |    220 |      0 |   2530 |   5 |  635.4 |
        Temple |     30 |      1 |     29 |      0 |      0 |   1 |   30.0 |
               +--------+--------+--------+--------+--------+-----+--------+

Top non-repeatable levels by time:
     D:1: 982 daAuts
     D:4: 780 daAuts
     D:2: 690 daAuts
     D:3: 497 daAuts
     D:5: 225 daAuts
  Temple: 30 daAuts
